 Dungeon Crawl Stone Soup version 0.25-a0-975-gcae8493d64 (webtiles) character file.

Game seed: 4672123663080791223, levelgen mode: deterministic

11510 Flugslaktarn the Cleaver (level 11, -7/97 HPs)
             Began as a Minotaur Fighter on May 9, 2020.
             Was a Follower of Uskayaw.
             Mangled by a white ugly thing (12 damage)
             ... on level 11 of the Dungeon.
             The game lasted 00:05:19 (10559 turns).

Flugslaktarn the Cleaver (Minotaur Fighter)        Turns: 10559, Time: 00:05:20

Health: -7/97      AC: 21    Str: 21    XL:     11   Next: 50%
Magic:  14/14      EV:  5    Int:  5    God:    Uskayaw [*.....]
Gold:   440        SH: 12    Dex: 13    Spells: 10/10 levels left

rFire    . . .     SeeInvis .   r - +2 eveningstar
rCold    . . .     Gourm    .   c - +0 kite shield
rNeg     . . .     Faith    .   u - +0 plate armour
rPois    .         Spirit   .   (helmet restricted)
rElec    .         Reflect  .   j - +0 cloak {+Inv}
rCorr    .         Harm     .   (no gloves)
MR       .....                  m - +0 pair of boots
Stlth    ..........             (no amulet)
HPRegen  0.26/turn              p - +4 ring of protection
MPRegen  0.14/turn              (no ring)

@: no status effects
A: retaliatory headbutt, horns 2
a: Stomp, Renounce Religion, Evoke Invisibility


You were on level 11 of the Dungeon.
You worshipped Uskayaw.
Uskayaw was noncommittal.
You were not hungry.

You visited 2 branches of the dungeon, and saw 12 of its levels.

You collected 440 gold pieces.

Inventory:

Hand Weapons
 a - a +1 war axe
 r - a +2 eveningstar (weapon)
   (You took it off Urug on level 11 of the Dungeon)
Missiles
 l - 5 curare-tipped darts (quivered)
Armour
 c - a +0 kite shield (worn)
 j - a +0 cloak of invisibility (worn)
   (You took it off Crazy Yiuf on level 5 of the Dungeon)
 m - a +0 pair of boots (worn)
   (You found it on level 4 of the Dungeon)
 u - a +0 plate armour (worn)
   (You found it on level 6 of the Dungeon)
 y - +0 swamp dragon scales
   (You took it off Maggie on level 9 of the Dungeon)
Jewellery
 p - a +4 ring of protection (left hand)
   (You found it on level 10 of the Dungeon)
Wands
 v - a wand of iceblast (24)
   (You found it on level 9 of the Dungeon)
 C - a wand of paralysis (1)
   (You found it on level 10 of the Dungeon)
Scrolls
 g - a scroll of fear
 o - 4 scrolls of magic mapping
 t - 2 scrolls of teleportation
 x - 4 scrolls of remove curse
 B - a scroll of fog
Potions
 b - a potion of lignification {unknown}
 d - 3 potions of might
 f - 2 potions of flight
 h - a potion of ambrosia
 i - 2 potions of invisibility
 k - a potion of cancellation
 q - a potion of stabbing {unknown}
 s - a potion of degeneration {unknown}
Comestibles
 e - 14 rations


   Skills:
 + Level 9.5 Fighting
 * Level 12.2 Axes
 + Level 9.5 Armour
 + Level 9.5 Shields
 + Level 6.2 Invocations
 + Level 5.1 Evocations


You had 10 spell levels left.
You didn't know any spells.
Your spell library was empty.

Dungeon Overview and Level Annotations

Branches:
Dungeon (11/15)            Temple (1/1) D:5            Lair (0/6) D:8
    Orc: D:9-12

Altars:
Ashenzari
Cheibriados
Dithmenos
Fedhas
Gozag
Hepliaklqana
Kikubaaqudgha
Makhleb
Nemelex Xobeh
Qazlal
Ru
Sif Muna
Uskayaw
Vehumet
Wu Jian
Xom
Yredelemnul
Zin

Shops:
D:8 (


Innate Abilities, Weirdness & Mutations

You reflexively headbutt those who attack you in melee.
You have a pair of horns on your head.


Message History

Aiming: Paralyse
Press: ? - help, Shift-Dir - straight line, f/p - white ugly thing
Aim: a white ugly thing (chance to defeat MR: 44%)
The white ugly thing resists with some effort.
You block the white ugly thing's attack.
Evoke which item? (* to show all) (? for menu, Esc to quit)
Aiming: Paralyse
Press: ? - help, Shift-Dir - straight line, f/p - white ugly thing
Aim: a white ugly thing (chance to defeat MR: 44%)
The white ugly thing resists with some effort.
You block the white ugly thing's attack.
Evoke which item? (* to show all) (? for menu, Esc to quit)
Aiming: Paralyse
Press: ? - help, Shift-Dir - straight line, f/p - white ugly thing
Aim: a white ugly thing (chance to defeat MR: 44%)
The white ugly thing resists with some effort.
The white ugly thing trunk-slaps you.
* * * LOW HITPOINT WARNING * * *
The white ugly thing freezes you!
You die...

#+ ....... #. ....... #.##
./#.... #..# .......
####### #@# ....##.
#.....# #u# ....##.
'.....# #.##...$..(
#.....# #..(..#....
#.....# ######(..†......
#.....#####u..†(†#........
#.....'.....####.#....####
#.....####### #.######
##+#### #.#


You could see a white ugly thing.

Vanquished Creatures
  A hydra (D:11)
  The ghost of Goegay the Spear-Bearer, a novice MfSk of Makhleb (D:10)
  Urug (D:11)
  A cyclops (D:11)
  2 ugly things (D:11)
  Maggie (D:9)
  The ghost of Bimenk the Covert, a novice FeVM (D:10)
  A komodo dragon (D:11)
  A hornet (D:8)
  Grinder (D:6)
  3 hippogriffs
  Sigmund (D:6)
  A wraith (D:10)
  6 yaks (D:9)
  3 hungry ghosts
  A soldier ant (D:8)
  Duvessa (D:7)
  3 porcupines
  4 ice beasts
  2 orc warriors (D:8)
  2 black bears (D:8)
  4 centaurs
  4 phantoms
  A necrophage (D:9)
  4 ogres
  A crocodile (D:8)
  7 bullfrogs
  Dowan (D:7)
  4 scorpions
  14 killer bees
  A howler monkey (D:10)
  8 crimson imps
  5 orc priests
  A quasit (D:6)
  Crazy Yiuf (D:5)
  2 bullfrog skeletons
  7 hounds
  A jelly (D:7)
  A centaur skeleton (D:8)
  8 orc wizards
  3 iguanas
  8 worker ants
  2 hound skeletons (D:6)
  2 worker ant zombies
  4 gnolls (D:4)
  9 adders
  An ooze (D:4)
  2 adder zombies
  An adder skeleton (D:6)
  A worm (D:2)
  A dart slug (D:5)
  The ghost of Peyhawou the Conjurer, a weakling FoCj (D:10)
  4 leopard geckos
  21 orcs
  A ball python (D:7)
  A bat (D:2)
  A giant cockroach (D:8)
  A hobgoblin (D:3)
  3 jackals (D:7)
  4 quokkas
  2 frilled lizards
  2 kobolds
  A quokka skeleton (D:9)
  2 rats (D:2)
  2 fungi (D:8)
  A plant (D:8)
194 creatures vanquished.

Vanquished Creatures (others)
  5 fungi (D:8)
5 creatures vanquished.

Grand Total: 199 creatures vanquished

Notes
Turn   | Place    | Note
-------+----------+-------------------------------------------
     0 | D:1      | Flugslaktarn the Minotaur Fighter began the quest for the
                  | Orb.
     0 | D:1      | Reached XP level 1. HP: 19/19 MP: 0/0
   198 | D:2      | Reached XP level 2. HP: 27/27 MP: 1/1
   206 | D:2      | Reached skill level 3 in Axes
   395 | D:3      | Reached XP level 3. HP: 33/33 MP: 2/2
   740 | D:4      | Noticed an ogre
   745 | D:4      | Killed an ogre
   745 | D:4      | Reached skill level 4 in Axes
   745 | D:4      | Reached XP level 4. HP: 24/41 MP: 3/3
   745 | D:4      | Reached XP level 5. HP: 27/47 MP: 4/4
   953 | D:4      | Reached skill level 5 in Axes
  1180 | D:4      | Reached XP level 6. HP: 52/55 MP: 5/5
  1242 | D:5      | Entered Level 5 of the Dungeon
  1259 | D:5      | Reached skill level 5 in Armour
  1277 | D:5      | Reached skill level 5 in Fighting
  1277 | D:5      | Reached skill level 5 in Shields
  1343 | D:5      | Reached skill level 6 in Axes
  1503 | D:4      | Reached XP level 7. HP: 32/61 MP: 6/6
  2166 | D:5      | Found a staircase to the Ecumenical Temple.
  2175 | Temple   | Entered the Ecumenical Temple
  2447 | Temple   | Became a worshipper of Uskayaw the Reveler
  2566 | D:5      | Found a runed translucent door.
  2567 | D:5      | Noticed Crazy Yiuf
  2894 | D:5      | Reached * piety under Uskayaw
  2895 | D:5      | Reached ** piety under Uskayaw
  2899 | D:5      | Reached *** piety under Uskayaw
  2902 | D:5      | Reached **** piety under Uskayaw
  3229 | D:5      | Killed Crazy Yiuf
  3307 | D:6      | Reached skill level 7 in Axes
  3346 | D:6      | Noticed Grinder
  3349 | D:6      | Paralysed by Grinder for 3 turns
  3356 | D:6      | Paralysed by Grinder for 6 turns
  3366 | D:6      | Killed Grinder
  3366 | D:6      | Reached skill level 1 in Invocations
  3366 | D:6      | Reached XP level 8. HP: 57/70 MP: 3/7
  4304 | D:6      | Noticed Sigmund
  4313 | D:6      | Killed Sigmund
  4313 | D:6      | Reached skill level 8 in Axes
  4439 | D:7      | Reached skill level 1 in Evocations
  4581 | D:7      | Noticed Duvessa
  4582 | D:7      | Noticed Dowan
  4594 | D:7      | Killed Duvessa
  4598 | D:7      | Killed Dowan
  4623 | D:7      | Reached XP level 9. HP: 74/78 MP: 10/10
  5094 | D:8      | Reached skill level 9 in Axes
  5142 | D:8      | Found a staircase to the Lair.
  5827 | D:8      | Found an ancient bone altar of Kikubaaqudgha.
  5916 | D:8      | Paralysed by a hornet for 3 turns
  5921 | D:8      | Reached skill level 10 in Axes
  6158 | D:8      | Found an ornate altar of the Wu Jian Council.
  6161 | D:8      | Found a snail-covered altar of Cheibriados.
  6163 | D:8      | Found a sacrificial altar of Ru.
  6177 | D:8      | Reached XP level 10. HP: 61/88 MP: 12/12
  6395 | D:8      | Found a basalt altar of Yredelemnul.
  6439 | D:8      | Found Jioppobe's Weapon Shoppe.
  6993 | D:9      | Reached ***** piety under Uskayaw
  7233 | D:9      | Reached skill level 5 in Invocations
  7548 | D:9      | Got a bronze plate armour
  7559 | D:9      | Identified the +1 plate armour "Dyvunepume" {rElec Int+6
                  | Slay-6 Stlth+} (You found it on level 9 of the Dungeon)
  7639 | D:9      | Found a shadowy altar of Dithmenos.
  7673 | D:9      | Noticed Maggie
  7684 | D:9      | Killed Maggie
  7684 | D:9      | Reached skill level 11 in Axes
  7937 | D:10     | Entered Level 10 of the Dungeon
  8443 | D:10     | Found a runed translucent gate.
  8443 | D:10     | Found a runed translucent gate.
  8443 | D:10     | Found a runed translucent gate.
  8445 | D:10     | Noticed Bimenk's ghost (novice FeVM)
  8445 | D:10     | Noticed Peyhawou's ghost (weakling FoCj)
  8446 | D:10     | Noticed Goegay's ghost (novice MfSk)
  8446 | D:10     | Noticed Bimenk's ghost (novice FeVM)
  9377 | D:11     | Noticed a green ugly thing
  9784 | D:10     | Killed Peyhawou's ghost
  9810 | D:10     | Killed Bimenk's ghost
  9810 | D:10     | Reached XP level 11. HP: 67/97 MP: 14/14
  9826 | D:10     | Killed Goegay's ghost
 10191 | D:11     | Killed a green ugly thing
 10272 | D:11     | Noticed Urug
 10272 | D:11     | Noticed a five-headed hydra
 10288 | D:11     | Killed Urug
 10289 | D:11     | Killed a 14-headed hydra
 10289 | D:11     | Reached skill level 12 in Axes
 10289 | D:11     | Reached skill level 5 in Evocations
 10453 | D:11     | Noticed a purple ugly thing
 10481 | D:11     | Killed a purple ugly thing
 10501 | D:11     | HP: 4/97 [poisoned by a killer bee]
 10506 | D:11     | HP: 3/97 [poisoned by a killer bee]
 10511 | D:11     | HP: 2/97 [poisoned by a killer bee]
 10518 | D:11     | HP: 2/97 [poisoned by a killer bee]
 10526 | D:11     | HP: 2/97 [poisoned by a killer bee]
 10544 | D:11     | Noticed a white ugly thing
 10559 | D:11     | Mangled by a white ugly thing

Illustrated notes

Levels and vault maps discovered:
D:1:      dpeg_arrival_simpleton_c, layout_basic
D:2:      layout_rooms, first_ration, uniq_jessica
D:3:      layout_basic, nicolae_overflow_crystal_walls, uniq_ijyb, uniq_natasha
D:4:      layout_loops_ring
D:5:      layout_cave_pods, minmay_temple_entry_statues_pillars,
          uniq_crazy_yiuf_cottage
D:6:      layout_cave_pods, uniq_sigmund, uniq_grinder
D:7:      layout_cave_pools, uniq_duvessa
D:8:      layout_rooms, overflow_temple_1_default, grunt_temple_overflow_open,
          due_lair_maze_entry_diamond, basic_altar, serial_shops,
          kennysheep_little_box, hangedman_pestilent_swarm, grunt_decor_fettered
D:9:      layout_cave_pools, nicolae_overflow_hidden_temple,
          hangedman_decor_clover_reticule, uniq_maggie
D:10:     layout_basic, gammafunk_ghost_cemetery
D:11:     layout_roguey, skrybe_limestone_x, uniq_urug
Temple:   eino_temple_scatter_basement

Skill      XL: |  1  2  3  4  5  6  7  8  9 10 11 |
---------------+----------------------------------+-----
Axes           | 3 4 5 6 7 8 10 11 12 | 12.2
Shields        | 4 5 6 7 9 |  9.5
Fighting       | 4 5 6 8 9 |  9.5
Armour         | 4 5 6 8 9 |  9.5
Invocations    | 1 2 4 5 6 |  6.2
Evocations     | 1 3 4 5 |  5.1

Action                   |  1- 3 |  4- 6 |  7- 9 | 10-12 || total
-------------------------+-------+-------+-------+-------++-------
Melee: War axe           |    38 |    82 |   247 |   245 ||   612
       Headbutt          |     7 |    14 |    48 |    58 ||   127
       Eveningstar       |       |       |       |    34 ||    34
Throw: Dart              |       |       |     2 |       ||     2
Invok: Stomp             |       |       |     3 |       ||     3
       Line Pass         |       |       |       |     1 ||     1
Evoke: Wand              |       |       |       |     8 ||     8
  Use: Scroll            |       |       |     7 |    11 ||    18
       Potion            |       |       |       |     8 ||     8
 Stab: Paralysed         |       |       |    21 |    33 ||    54
       Confused          |       |       |       |     2 ||     2
  Eat: Chunk             |       |    12 |    24 |    14 ||    50
Armor: Scale mail        |    12 |    37 |    24 |       ||    73
       Plate armour      |       |       |   120 |   169 ||   289
Dodge: Dodged            |    11 |    22 |    56 |    56 ||   145
Block: Kite shield       |    23 |    32 |   147 |   171 ||   373

Table legend:
 A = Non-vault XP
 B = Vault XP
 C = Vault XP percentage of total XP
 D = Non-vault monster count
 E = Vault monster count
 F = Vault count percentage of total count
                 A         B        C        D         E       F
            +---------+---------+-------+---------+---------+-------
      Total |   11654 |    4789 |  29.1 |     166 |      25 |  13.1
            +---------+---------+-------+---------+---------+-------
        D:1 |       1 |       0 |   0.0 |       1 |       0 |   0.0
        D:2 |      22 |       0 |   0.0 |       5 |       0 |   0.0
        D:3 |      19 |       0 |   0.0 |       4 |       0 |   0.0
        D:4 |     420 |       0 |   0.0 |      19 |       0 |   0.0
        D:5 |     689 |      44 |   6.0 |      21 |       1 |   4.5
        D:6 |     440 |     482 |  52.3 |       9 |       2 |  18.2
        D:7 |     723 |     358 |  33.1 |      19 |       3 |  13.6
        D:8 |    1447 |    1486 |  50.7 |      28 |      14 |  33.3
        D:9 |    2432 |     379 |  13.5 |      19 |       1 |   5.0
       D:10 |    1766 |    1240 |  41.3 |      23 |       3 |  11.5
       D:11 |    3695 |     800 |  17.8 |      18 |       1 |   5.3
            +---------+---------+-------+---------+---------+-------
